 Dungeon Crawl Stone Soup version 0.28-a0-657-g71136c5590 (webtiles) character file.

Game seed: 10645072780756323193

12753 Astera the Unseen (level 12, -1/77 HPs)
             Began as a Kobold Delver on Oct 10, 2021.
             Was a Believer of Ashenzari.
             Slain by a freezing wraith (6 damage)
             ... in an ice cave on Oct 13, 2021.
             The game lasted 01:42:20 (15790 turns).

Astera the Unseen (Kobold Delver)                  Turns: 15790, Time: 01:42:22

Health: -1/77      AC:  9    Str: 11    XL:     12   Next: 24%
Magic:  12/12      EV: 23    Int: 11    God:    Ashenzari [**....]
Gold:   593        SH:  0    Dex: 26    Spells: 11/11 levels left

rFire   + . .      SeeInvis +   k - +0 short sword (drain)
rCold   + + .      Faith    .   (shield restricted)
rNeg    . . .      Spirit   .   N - +1 troll leather armour "Visionary of Ashenzari" {Regen+, Melee, Self} (curse)
rPois   +          Reflect  .   L - +0 helmet "Share My Portent" {Bglg, Cun} (curse)
rElec   +          Harm     .   F - +0 cloak of Toth-Mos's Legacy {Evo, Comp} (curse)
rCorr   +          Rampage  .   a - +0 pair of gloves
Will    .....                   (no boots)
Stlth   ++++++++..              (no amulet)
HPRegen 1.22/turn               D - ring "Pangnostic Yoke" {Dex+6, Evo, Alch} (curse)
MPRegen 0.13/turn               o - ring of protection from cold

@: resistant, on berserk cooldown, hasted and slowed
A: small, no large weapons, nightstalker 3
a: Renounce Religion, Shatter the Chains


You were in an ice cave.
You worshipped Ashenzari.
Ashenzari was pleased with you.
You visited 2 branches of the dungeon, and saw 13 of its levels.
You also visited: Bailey and Ice Cave.

You collected 593 gold pieces.

Inventory:

Hand Weapons
 k - a +0 short sword of draining (weapon)
 K - a +4 dagger of distortion
 M - a +0 dagger of protection
Missiles
 b - 5 silver boomerangs
 m - 56 poisoned darts (quivered)
 n - 6 curare-tipped darts
 w - 8 javelins
 B - 5 atropa-tipped darts
 G - 5 boomerangs
 H - 3 throwing nets
Armour
 a - a +0 pair of gloves (worn)
 F - the cursed +0 cloak of Toth-Mos's Legacy (worn) {Evo, Comp}
   (You found it on level 8 of the Dungeon)

   It has a curse which improves the following skills: Evocations: Evocations.
   Companions: Summonings and Necromancy.
 L - the cursed +0 helmet "Share My Portent" (worn) {Bglg, Cun}
   (You found it on level 8 of the Dungeon)

   It has a curse which improves the following skills: Beguiling: Conjurations,
   Hexes and Translocations.
   Cunning:   Dodging and Stealth.
 N - the cursed +1 troll leather armour "Visionary of Ashenzari" (worn) {Regen+, Melee, Self}
   (You found it on level 10 of the Dungeon)

   Regen:     It increases your rate of health regeneration.
   It has a curse which improves the following skills: Melee Combat: Short
   Blades, Long Blades, Axes, Maces & Flails, Polearms, Staves and Unarmed
   Combat.
   Introspection: Fighting and Spellcasting.
 P - a +0 ring mail of fire resistance
Jewellery
 o - a ring of protection from cold (right hand)
 z - a ring of willpower
 D - the cursed ring "Pangnostic Yoke" (left hand) {Dex+6, Evo, Alch}
   (You found it on level 7 of the Dungeon)

   [ring of dexterity]

   Dex:       It affects your dexterity (+6).
   It has a curse which improves the following skills: Evocations: Evocations.
   Alchemy:   Poison Magic and Transmutations.
Wands
 g - a wand of digging (6)
 p - a wand of mindburst (7)
 x - a wand of iceblast (16)
 y - a wand of acid (8)
 J - a wand of charming (8)
 O - a wand of polymorph (9)
Scrolls
 c - 2 scrolls of fog
 d - 3 scrolls of magic mapping
 e - a scroll of fear
 h - 2 scrolls of amnesia
 q - 3 scrolls of blinking
 u - a scroll of teleportation
 v - 3 scrolls of summoning
 C - a scroll of enchant weapon
Potions
 f - a potion of haste
 i - 2 potions of attraction
 j - a potion of lignification
 r - 4 potions of flight
 s - 2 potions of might
 t - a potion of brilliance
 A - a potion of berserk rage


   Skills:
 + Level 8.5(10.0) Fighting
 + Level 12.8(14.2) Short Blades
 + Level 4.1 Throwing
 + Level 5.3 Armour
 + Level 8.2(9.7) Dodging
 + Level 16.0(17.3) Stealth


You had 11 spell levels left.
You didn't know any spells.
Your spell library contained the following spells:

 Spells                   Type           Power      Damage    Failure   Level
 Call Canine Familiar     Summ           0%         N/A       77%         3
 Portal Projectile        Hex/Tloc       0%         N/A       77%         3
 Tukima's Dance           Hex            0%         N/A       77%         3
 Ignite Poison            Fire/Tmut/Pois 0%         N/A       78%         3
 Mephitic Cloud           Conj/Pois/Air  0%         N/A       78%         3
 Leda's Liquefaction      Hex/Erth       0%         N/A       99%         4
 Passage of Golubria      Tloc           N/A        N/A       99%         4
 Summon Lightning Spire   Summ/Air       0%         N/A       99%         4
 Freezing Cloud           Conj/Ice/Air   0%         6-21      100%        5
 Yara's Violent Unravell  Hex/Tmut       0%         3d3       100%        5
 Storm Form               Tmut/Air       0%         N/A       100%        7
 Maxwell's Capacitive Co  Air            0%         ∞         100%        8


Dungeon Overview and Level Annotations

Branches:
Dungeon (12/15)            Temple (1/1) D:6            Lair (0/6) D:8
    Orc (0/2) D:11         Bailey (visited)           IceCv (1/1)

Altars:
Ashenzari
Cheibriados
Dithmenos
Elyvilon
Fedhas
Gozag
Hepliaklqana
Kikubaaqudgha
Makhleb
Nemelex Xobeh
Okawaru
Qazlal
Ru
Sif Muna
Trog
Uskayaw
Vehumet
Wu Jian
Xom
Yredelemnul
Zin
The Shining One
Beogh

Shops:
D:12 (

Annotations:
D:4 2 transporters, TimeIsEndless's ghost, amateur OpTm
D:7 3 runed translucent doors
D:10 2 transporters IceCv 1 transporter, exclusion: ice statue


Innate Abilities, Weirdness & Mutations

You are small and have problems with some larger weapons.
You are completely attuned to the shadows.


Message History

The freezing wraith misses you. The freezing wraith hits you.
You closely miss the freezing wraith.
The freezing wraith is severely damaged.
The freezing wraith barely misses you.
The freezing wraith completely misses you.
You closely miss the freezing wraith.
The freezing wraith is severely damaged.
The freezing wraith hits you. The freezing wraith freezes you! You resist.
* * * LOW HITPOINT WARNING * * *
The freezing wraith completely misses you.
You hit the freezing wraith but do no damage.
The freezing wraith is severely damaged.
You hit the freezing wraith but do no damage.
The freezing wraith is severely damaged.
The freezing wraith hits you!
* * * LOW HITPOINT WARNING * * *
The freezing wraith freezes you! You resist.
* * * LOW HITPOINT WARNING * * *
The freezing wraith misses you.
You feel protected.
The freezing wraith hits you but does no damage.
The freezing wraith misses you.
The freezing wraith completely misses you.
The freezing wraith barely misses you.
You feel better. The freezing wraith hits you.
* * * LOW HITPOINT WARNING * * *
The freezing wraith freezes you. You resist.
* * * LOW HITPOINT WARNING * * *
The freezing wraith hits you.
* * * LOW HITPOINT WARNING * * *
The freezing wraith drains your vigour!
You feel as though you will be slow longer.
You feel yourself speed up. The freezing wraith misses you.
The freezing wraith hits you.
* * * LOW HITPOINT WARNING * * *
The freezing wraith drains your vigour!
You feel as though you will be slow longer.
The freezing wraith hits you but does no damage.
The freezing wraith hits you.
You die...

*...8##..........#
8...8#...........
.....#.(..8......
#??.°°#8..........
#=|..©#©©..†...∩.∩
#)!...#8..........
#.....#.?..8......
#W...8#...........
#@..8##..........#
#..8####........##
#©.## ###...####
#### #####


You could see a freezing wraith.

Vanquished Creatures
  Snorg (D:11)
  Harold (D:8)
  A hydra (D:11)
  A two-headed ogre (D:10)
  2 ugly things
  Joseph (D:8)
  A kobold demonologist (D:11)
  An ice statue (IceCv)
  Psyche (D:8)
  2 rime drakes (D:12)
  A komodo dragon (D:11)
  4 trolls
  2 hornets
  A water elemental (D:11)
  A shadow (D:9)
  4 yaks (D:8)
  4 vampire mosquitoes (D:11)
  2 water moccasins
  A black bear (D:7)
  3 orc warriors
  2 sky beasts
  A necrophage (D:6)
  4 centaurs
  3 ogres
  A bullfrog (D:6)
  3 kobold brigands
  A wyvern zombie (D:8)
  A cane toad simulacrum (IceCv)
  2 scorpions (D:7)
  2 wyvern skeletons (D:6)
  18 killer bees
  An elephant simulacrum (IceCv)
  8 wights
  6 electric eels
  3 vampire bats (D:8)
  A howler monkey (D:7)
  6 centaur zombies
  A bullfrog zombie (D:6)
  2 hounds
  A bullfrog skeleton (D:7)
  7 orc priests
  Ijyb (D:5)
  2 iguanas (D:4)
  Natasha (thrice) (D:3)
  2 orc wizards (D:11)
  A polar bear simulacrum (IceCv)
  4 hound skeletons
  A howler monkey zombie (D:8)
  8 adders
  2 dart slugs
  32 orcs
  9 bats
  6 bat skeletons (D:8)
  5 endoplasms
  3 giant cockroaches
  10 goblins
  10 hobgoblins
  7 jackals (D:2)
  21 kobolds
  7 quokkas
  11 ball pythons
  3 rats
257 creatures vanquished.

Vanquished Creatures (others)
  16 plants
16 creatures vanquished.

Grand Total: 273 creatures vanquished

Notes
Turn   | Place    | Note
-------+----------+-------------------------------------------
     0 | D:5      | Astera the Kobold Delver began the quest for the Orb.
     0 | D:5      | Reached XP level 1. HP: 14/14 MP: 1/1
   349 | D:1      | Reached XP level 2. HP: 19/19 MP: 2/2
   356 | D:1      | Reached skill level 7 in Stealth
   725 | D:1      | Found a faded altar of an unknown god.
   812 | D:1      | Reached XP level 3. HP: 21/23 MP: 3/3
  1658 | D:2      | Reached XP level 4. HP: 24/28 MP: 4/4
  1825 | D:2      | Upgraded the game from 0.28-a0-631-g0446da8ef9 to
                  | 0.28-a0-649-g2b6bb2fd11
  2302 | D:3      | Reached skill level 1 in Armour
  2358 | D:3      | Noticed Natasha
  2362 | D:3      | Killed Natasha
  2363 | D:3      | Reached XP level 5. HP: 33/33 MP: 5/5
  2545 | D:3      | Found a sacrificial altar of Ru.
  2565 | D:3      | Reached skill level 8 in Stealth
  3021 | D:3      | Noticed Natasha
  3023 | D:3      | Killed Natasha
  3024 | D:3      | Reached XP level 6. HP: 38/38 MP: 6/6
  3095 | D:3      | Noticed Natasha
  3100 | D:3      | Killed Natasha
  3293 | D:4      | Found a glowing golden altar of the Shining One.
  3307 | D:4      | Found a transporter.
  3308 | D:4      | Noticed an ogre
  3309 | D:4      | Found a transporter.
  3309 | D:4      | Noticed TimeIsEndless's ghost (amateur OpTm)
  3309 | D:4      | Identified the +8 dire flail "Soprurr" {holy, +Blink rC+}
  3309 | D:4      | Noticed an ogre
  3313 | D:4      | Noticed an ogre
  3446 | D:4      | Reached skill level 5 in Short Blades
  3884 | D:5      | Upgraded the game from 0.28-a0-649-g2b6bb2fd11 to
                  | 0.28-a0-653-g7e9dba17c3
  3900 | D:5      | Noticed an ogre
  4128 | D:5      | Found a faded altar of an unknown god.
  4130 | D:5      | Found a faded altar of an unknown god.
  4132 | D:5      | Found a hazy altar of Hepliaklqana.
  4136 | D:5      | Reached skill level 9 in Stealth
  4136 | D:5      | Reached XP level 7. HP: 43/43 MP: 7/7
  4330 | D:5      | Noticed Ijyb
  4334 | D:5      | Killed Ijyb
  5174 | D:6      | Found an ornate altar of the Wu Jian Council.
  5365 | D:6      | Found a staircase to the Ecumenical Temple.
  5367 | D:6      | Noticed a water moccasin
  5371 | Temple   | Entered the Ecumenical Temple
  5400 | Temple   | Reached skill level 10 in Stealth
  5400 | Temple   | Reached XP level 8. HP: 30/48 MP: 8/8
  5419 | Temple   | Became a worshipper of Ashenzari the Shackled
  6315 | D:6      | Reached skill level 11 in Stealth
  6591 | D:7      | Found a flagged portal.
  6597 | Bailey   | Entered a bailey
  6619 | Bailey   | Reached skill level 5 in Fighting
  6619 | Bailey   | Reached XP level 9. HP: 32/54 MP: 9/9
  7027 | Bailey   | Noticed an orc high priest
  7027 | Bailey   | Noticed a kobold demonologist
  7360 | D:7      | Noticed a deep elf pyromancer
  7369 | D:7      | Found a runed translucent gate.
  7371 | D:7      | Found a runed translucent gate.
  7371 | D:7      | Found a runed translucent gate.
  7751 | D:7      | Reached skill level 1 in Throwing
  8113 | D:7      | Reached skill level 12 in Stealth
  8874 | D:8      | Noticed a hornet
  8885 | D:8      | Killed a hornet
  9047 | D:8      | Found a shimmering altar of Xom.
  9078 | D:8      | Reached XP level 10. HP: 55/60 MP: 10/10
  9445 | D:8      | Reached * piety under Ashenzari
  9460 | D:8      | Found a staircase to the Lair.
  9475 | D:8      | Found a basalt altar of Yredelemnul.
  9501 | D:8      | Noticed Harold
  9505 | D:8      | Killed Harold
  9506 | D:8      | Reached skill level 5 in Dodging
  9506 | D:8      | Reached skill level 13 in Stealth
  9586 | D:8      | Noticed Joseph
  9713 | D:8      | Noticed Psyche
  9717 | D:8      | Killed Psyche
  9957 | D:8      | Killed Joseph
  9958 | D:8      | Reached skill level 14 in Stealth
 10103 | D:8      | Found an ancient bone altar of Kikubaaqudgha.
 10705 | D:8      | Reached skill level 10 in Short Blades
 12030 | D:8      | Reached ** piety under Ashenzari
 12626 | D:9      | HP: 2/52 [wight (9)]
 13347 | D:8      | Reached XP level 11. HP: 63/66 MP: 11/11
 13625 | D:9      | Upgraded the game from 0.28-a0-653-g7e9dba17c3 to
                  | 0.28-a0-657-g71136c5590
 13628 | D:10     | Entered Level 10 of the Dungeon
 13871 | D:10     | Reached skill level 5 in Armour
 14160 | D:10     | Found a transporter.
 14186 | D:10     | Found a transporter.
 14187 | D:10     | Noticed a tengu warrior
 14189 | D:10     | Noticed a two-headed ogre
 14208 | D:10     | Noticed a two-headed ogre
 14246 | D:10     | Noticed a moth of wrath
 14263 | D:10     | Killed a two-headed ogre
 14623 | D:11     | Noticed Snorg
 14633 | D:11     | Killed Snorg
 14634 | D:11     | Reached skill level 15 in Stealth
 14732 | D:11     | Found a staircase to the Orcish Mines.
 15226 | D:11     | Noticed a four-headed hydra
 15230 | D:11     | Killed a four-headed hydra
 15265 | D:11     | Noticed a green ugly thing
 15290 | D:11     | Killed a green ugly thing
 15291 | D:11     | Reached XP level 12. HP: 75/77 MP: 12/12
 15610 | D:12     | Found Gorapud's Antique Weapon Boutique.
 15637 | D:12     | Found a frozen archway.
 15652 | IceCv    | Entered an ice cave
 15704 | IceCv    | Found a transporter.
 15724 | IceCv    | Found a transporter.
 15752 | IceCv    | Reached skill level 16 in Stealth
 15790 | IceCv    | Slain by a freezing wraith

Illustrated notes

Levels and vault maps discovered:
D:1:      beargit_arrival_greenhouse, layout_basic,
          ebering_ecumenical_altar_box, serial_corexii_hall,
          chequers_hall_statues_wall_a, chequers_hall_statues_corner_a
D:2:      layout_loops_ring, serial_bayou_pond_d, hex_tiny, minmay_tromino_mix6
D:3:      layout_basic, nicolae_ru_path_of_blood, uniq_natasha
D:4:      layout_basic, mainiacjoe_overflow_catwalk, gammafunk_ghost_smash
D:5:      layout_cave_pools, nicolae_hepliaklqana_ecumenical_no_more, uniq_ijyb
D:6:      layout_loops_ring, marbit_many_paths, temple_fountains,
          dk_noncrumbling_3
D:7:      layout_basic, serial_bayou, serial_bayou_shore_b, serial_bayou_pond_a,
          serial_bayou_pond_a, serial_bayou_pond_e, enter_bailey_2,
          gammafunk_ghost_split, minmay_fountain_box
D:8:      layout_loops_ring, kennysheep_vampire_church,
          nicolae_overflow_crystal_walls, lemuel_zombie_altar_yredelemnul,
          lair_entry_dummy, uniq_joseph, uniq_harold, uniq_psyche
D:9:      layout_cave_pools
D:10:     layout_loops_ring, gammafunk_ghost_wrathful_warriors
D:11:     layout_basic, minmay_orc_entry_temple_small, water_maze_lemuel,
          uniq_snorg
D:12:     layout_loops_corners, serial_shops, nicolae_stop_n_shop_2,
          portal_ice_cave_rime, grunt_dithmenos_smoke
Temple:   regret_index_temple_waves
IceCv:    ice_cave_statue_garden_transporter

Skill      XL: |  1  2  3  4  5  6  7  8  9 10 11 12 |
---------------+-------------------------------------+-----
Stealth        | 7 8 9 10 11 12 14 15 16 | 16.0
Short Blades   | 3 4 5 6 7 9 10 12 | 12.8
Dodging        | 3 4 6 7 8 |  8.2
Armour         | 1 2 3 4 5 |  5.3
Fighting       | 4 5 6 8 |  8.5
Throwing       | 1 2 3 4 |  4.1

Action                   |  1- 3 |  4- 6 |  7- 9 | 10-12 || total
-------------------------+-------+-------+-------+-------++-------
Melee: Short sword       |    85 |   156 |   221 |   774 ||  1236
Throw: Dart              |       |       |    12 |    17 ||    29
       Boomerang         |       |       |       |     3 ||     3
Invok: Curse Item        |       |       |     1 |     3 ||     4
Evoke: Wand              |       |       |       |     2 ||     2
  Use: Scroll            |       |     5 |       |     1 ||     6
       Potion            |       |       |     4 |     9 ||    13
 Stab: Sleeping          |    17 |    27 |    21 |    36 ||   101
       Distracted        |       |     1 |     1 |     2 ||     4
Armor: Leather armour    |    13 |    18 |    27 |    52 ||   110
       Skin              |       |       |     1 |       ||     1
       Troll leather arm |       |       |       |    58 ||    58
Dodge: Dodged            |    52 |    90 |   121 |   620 ||   883

Table legend: (Time is in decaauts)
 A = Elapsed time spent in this place.
 B = Non-inter-level travel time spent in this place.
 C = Inter-level travel time spent in this place.
 D = Time resting spent in this place.
 E = Time spent auto-exploring this place.
 F = Levels seen in this place.
 G = Mean time per level.
                   A        B        C        D        E       F      G
               +--------+--------+--------+--------+--------+-----+--------+
         Total |  15432 |  14477 |    955 |   3010 |   3248 |  15 | 1028.8 |
       Dungeon |  14338 |  13455 |    883 |   2482 |   3105 |  12 | 1194.8 |
        Temple |    535 |    463 |     72 |    261 |    143 |   1 |  535.0 |
        Bailey |    454 |    454 |      0 |    267 |      0 |   1 |  454.0 |
      Ice Cave |    104 |    104 |      0 |      0 |      0 |   1 |  104.0 |
               +--------+--------+--------+--------+--------+-----+--------+

Top non-repeatable levels by time:
     D:8: 3570 daAuts
     D:7: 1549 daAuts
     D:6: 1368 daAuts
     D:1: 1267 daAuts
     D:9: 1062 daAuts
     D:5: 1056 daAuts
     D:3: 1041 daAuts
    D:11: 867 daAuts
    D:10: 857 daAuts
     D:2: 815 daAuts
     D:4: 740 daAuts
  Temple: 535 daAuts
  Bailey: 454 daAuts
    D:12: 141 daAuts
   IceCv: 104 daAuts
